 Dungeon Crawl Stone Soup version 0.31-a0-233-g139696dc86 (webtiles) character file.

Game seed: 15211293001287488125

95 qw the Shooter (level 4, -5/26 HPs)
             Began as a Gargoyle Hexslinger on July 7, 2023.
             Was an Initiate of Okawaru.
             Slain by an ogre
             ... wielding a +0 giant club
              (15 damage)
             ... on level 3 of the Dungeon.
             The game lasted 00:00:56 (2259 turns).

qw the Shooter (Gargoyle Hexslinger)                Turns: 2259, Time: 00:00:57

Health: -5/26      AC: 12    Str: 11 (12) XL:     4   Next: 65%
Magic:  5/5        EV: 10    Int: 12 (13) God:    Okawaru [......]
Gold:   196        SH:  0    Dex: 12 (14) Spells: 4/5 levels left

rFire   . . .        Y - +2 sling
rCold   . . .        (no shield)
rNeg    + . .        h - +0 ring mail
rPois   inf          (no helmet)
rElec   +            (no cloak)
rCorr   .            (no gloves)
SInv    .            (no boots)
Will    .....        (no amulet)
Stlth   +            b - +4 ring of protection
HPRegen 0.24/turn    (no ring)
MPRegen 0.09/turn

%: no passive effects
@: no status effects
A: sickness immunity, AC +3, negative energy resistance 1, electricity
resistance, torment resistance 1, petrification resistance
a: Renounce Religion


You were on level 3 of the Dungeon.
You worshipped Okawaru.
Okawaru was noncommittal.
You visited 1 branch of the dungeon, and saw 4 of its levels.

You collected 196 gold pieces.


Innate Abilities, Weirdness & Mutations

You are immune to sickness and miasma.
Your stone body is resilient. (AC +3)
You are immune to poison.
You resist negative energy. (rN+)
You are resistant to electric shocks. (rElec)
You are resistant to unholy torment.
You are immune to petrification.


   Skills:
 - Level 2.2 Fighting
 + Level 4.1 Ranged Weapons
 - Level 1.0 Armour
 - Level 1.5 Dodging
 - Level 1.0 Spellcasting
 - Level 2.6 Hexes


You had 4 spell levels left.
You knew the following spells:

 Your Spells              Type           Power      Damage    Failure   Level
a - Slow                  Hex            28%        N/A       24%         1

Your spell library contained the following spells:

 Spells                   Type           Power      Damage    Failure   Level
 Inner Flame              Hex/Fire       3%         N/A       77%         3
 Portal Projectile        Hex/Tloc       6%         N/A       77%         3
 Cause Fear               Hex            3%         N/A       93%         4

Inventory:

Hand Weapons
 Y - a +2 sling (weapon)
Armour
 h - a +0 ring mail (worn)
Jewellery
 b - a +4 ring of protection (left hand)
Scrolls
 f - a scroll of identify
Potions
 a - a potion of attraction {unknown}
 d - a potion of curing
 e - a potion of heal wounds {unknown}
 i - a potion of ambrosia {unknown}

Dungeon Overview and Level Annotations

Branches:
Dungeon (4/15)
 Temple: D:4-7

Altars:
Okawaru

Annotations:
D:3 3 runed translucent doors, qw's ghost, amateur MiHs


Message History

The ogre hits you with a +0 giant club! The adder barely misses you.
The dart slug launches a dart at you. The slug dart misses you.
There is a stone staircase leading up here.
2250 ||| STAIRDANCE The adder closely misses you.
The ogre barely misses you.
You climb upwards.
Level annotation: 3 runed translucent doors, qw's ghost, amateur MiHs
There is a stone staircase leading down here.
You shoot a sling bullet.
The sling bullet hits the ogre but does no damage.
The adder barely misses you. The ogre hits you with a +0 giant club.
The adder bites you but does no damage.
You shoot a sling bullet. The sling bullet hits the ogre.
The ogre is lightly wounded.
The adder bites you. The ogre closely misses you.
The adder bites you but does no damage.
You shoot a sling bullet. The sling bullet hits the ogre.
The ogre is moderately wounded.
The adder bites you but does no damage. The ogre barely misses you.
The adder completely misses you.
You shoot a sling bullet.
The sling bullet hits the ogre but does no damage.
The ogre is moderately wounded.
The adder bites you but does no damage. The ogre barely misses you.
You shoot a sling bullet. The sling bullet hits the ogre!
The ogre is heavily wounded.
The adder closely misses you. The adder bites you but does no damage.
The ogre hits you with a +0 giant club.
You shoot a sling bullet.
The sling bullet barely misses the ogre.
The adder completely misses you. The adder bites you.
You shoot a sling bullet. The sling bullet hits the ogre!
The ogre is severely wounded.
The ogre barely misses you. The adder bites you but does no damage.
You shoot a sling bullet. The sling bullet hits the ogre.
The ogre is almost dead.
The adder bites you. The ogre hits you with a +0 giant club!
Ouch! That really hurt!
You die...

##..# ###...##########
##..######...#.# #....#
........#..###.# ####.#
##..###...## #.# #.#
##.......## #.# #.##
######.....###.# #..#
#.......#.<..#)# ##.#
...######..#.#.#######.###
##.............O@)...#...#
##########......#S....##.#
## #####...##....#.##
.#### #..#..####....#
....## ##)###.........#
###..# #..# ##......%.## #
##.#######.## #.........##
#
#...#......####..........#
#
###.........#........##..#


You could see an ogre and an adder.

Vanquished Creatures
  A gnoll (D:1)
  2 adders (D:2)
  2 worms (D:2)
  2 dart slugs (D:2)
  4 orcs
  7 bats
  3 endoplasms
  4 giant cockroaches
  3 goblins
  6 hobgoblins
  2 kobolds
  2 quokkas
  4 ball pythons
  4 frilled lizards
  5 rats
51 creatures vanquished.

Notes
Turn   | Place    | Note
-------+----------+-------------------------------------------
     0 | D:1      | qw the Gargoyle Hexslinger began the quest for the Orb.
     0 | D:1      | Reached XP level 1. HP: 12/12 MP: 2/2
     0 | D:1      | 0 ||| qw: Version: 0.3-a-46-gb1f654a
     0 | D:1      | 0 ||| qw: Game counter: 3134
     0 | D:1      | 0 ||| qw: Melee chars always use a shield: true
     0 | D:1      | 0 ||| qw: God list: Okawaru
     0 | D:1      | 0 ||| qw: Allow faded altars: false
     0 | D:1      | 0 ||| qw: Do Orc after clearing Dungeon:15 true
     0 | D:1      | 0 ||| qw: Do second Lair branch before Depths: true
     0 | D:1      | 0 ||| qw: Lair rune preference: random
     0 | D:1      | 0 ||| qw: Goals: Normal
     0 | D:1      | 0 ||| PLANNING D:1-11
   116 | D:1      | Reached XP level 2. HP: 16/16 MP: 3/3
   240 | D:1      | Reached skill level 3 in Ranged Weapons
   357 | D:1      | Reached XP level 3. HP: 16/21 MP: 4/4
   650 | D:1      | 650 ||| UPGRADING to +0 ring mail.
   660 | D:1      | 660 ||| DROPPING +0 robe.
   661 | D:1      | 661 ||| READING scroll labelled NIDGHA KILORO.
   762 | D:1      | 762 ||| READING scroll labelled JOEZUC LALO.
   763 | D:1      | 763 ||| READING 2 scrolls labelled PESACA VE TETI.
   764 | D:1      | 764 ||| DROPPING scroll of poison.
  1013 | D:2      | Found a faded altar of an unknown god.
  1028 | D:2      | Reached XP level 4. HP: 24/26 MP: 5/5
  1134 | D:2      | Identified the +7 falchion "Ebbioruff" {antimagic, rF+
                  | Str+5 SInv}
  1331 | D:2      | 1331 ||| UPGRADING to +4 ring of protection.
  1332 | D:2      | 1332 ||| READING scroll labelled HAICSA SIBBYIR.
  1333 | D:2      | 1333 ||| READING scroll labelled KELUHYQ HOUGHE.
  1334 | D:2      | 1334 ||| READING scroll labelled ETEHEGGY CURAO.
  1335 | D:2      | 1335 ||| DRINKING 2 murky pink potions.
  1336 | D:2      | 1336 ||| DRINKING 2 black potions.
  1337 | D:2      | 1337 ||| DROPPING potion of degeneration.
  1391 | D:3      | 1391 ||| STAIRDANCE
  1396 | D:2      | Reached skill level 4 in Ranged Weapons
  1485 | D:3      | Found a runed translucent gate.
  1485 | D:3      | Found a runed translucent gate.
  1485 | D:3      | Found a runed translucent gate.
  1499 | D:3      | Noticed qw's ghost (amateur MiHs)
  1658 | D:3      | Identified the +0 chain mail of Pose {rN+ Dex+2}
  1831 | D:3      | Reached skill level 1 in Armour
  1840 | D:3      | Found an iron altar of Okawaru.
  1841 | D:3      | 1841 ||| PLANNING OKAWARU WORSHIP
  1841 | D:3      | 1841 ||| READING 2 scrolls labelled WIDITU JICLUWK.
  1846 | D:3      | 1846 ||| DRINKING 2 metallic silvery potions.
  1950 | D:3      | 1950 ||| DROPPING potion of berserk rage.
  1988 | D:3      | Became a worshipper of Warmaster Okawaru
  1989 | D:3      | 1989 ||| PLANNING D:1-11
  2081 | D:4      | Noticed an ogre
  2083 | D:4      | 2083 ||| STAIRDANCE
  2092 | D:3      | HP: 6/26 [orc/+0 club (2)]
  2093 | D:3      | 2093 ||| READING scroll of teleportation.
  2093 | D:3      | HP: 2/26 [orc/+0 club (4)]
  2250 | D:4      | 2250 ||| STAIRDANCE
  2259 | D:3      | Slain by an ogre

Levels and vault maps discovered:
D:1:      wander_arrival_desolate, layout_loops_ring
D:2:      layout_rooms, chequers_ecumenical_altar_grove, minmay_vboxes
D:3:      layout_rooms, okawaru_trees_1, gammafunk_ghost_necromancy
D:4:      layout_basic, nicolae_qazlal_scattered_showers,
          nicolae_overflow_crystal_walls, uniq_sigmund

Skill      XL: |  1  2  3  4 |
---------------+-------------+-----
Ranged Weapons | 3 4 |  4.1
Fighting       | 2 |  2.2
Armour         | 1 |  1.0
Dodging        | |  1.5
Spellcasting   | |  1.0
Hexes          | |  2.6

Action                     |  1- 3 |  4- 6 || total
---------------------------+-------+-------++-------
   Fire: Sling             |   121 |   102 ||   223
    Use: Scroll            |     3 |     5 ||     8
         Potion            |       |     3 ||     3
 Armour: Robe              |    13 |       ||    13
         Ring mail         |    29 |    67 ||    96
  Dodge: Dodged            |    52 |    59 ||   111

Table legend:
 A = Non-vault XP
 B = Vault XP
 C = Vault XP percentage of total XP
 D = Non-vault monster count
 E = Vault monster count
 F = Vault count percentage of total count
                 A         B        C        D         E       F
            +---------+---------+-------+---------+---------+-------
      Total |     121 |      15 |  11.0 |      46 |       5 |   9.8
            +---------+---------+-------+---------+---------+-------
        D:1 |      47 |       0 |   0.0 |      21 |       0 |   0.0
        D:2 |      44 |      15 |  25.4 |      11 |       5 |  31.2
        D:3 |      27 |       0 |   0.0 |      13 |       0 |   0.0
        D:4 |       3 |       0 |   0.0 |       1 |       0 |   0.0
            +---------+---------+-------+---------+---------+-------
